[Event "Titled Tuesday Blitz August 3 2021"]
[White "Ballester Llagaria, Luis Eduardo"]
[Black "Madaminov, Mukhiddin"]
[WhiteFideId "2297620"]
[BlackFideId "14210703"]
[WhiteElo "2520"]
[BlackElo "2745"]
[Result "0-1"]
[Round "04"]
[TimeControl "180+1"]
[Date "2021.08.03"]
[WhiteClock "0:00:03"]
[BlackClock "0:01:35"]

1. e4 e5 2. Nf3 Nc6 3. Bc4 Bc5 4. O-O Nf6 5. d3 a6 6. c3 Ba7 7. Bb3 O-O 8. h3 d6 9. Re1 Ne7 10. Nbd2 Ng6 11. Nf1 Nh5 12. d4 Nhf4 13. Ng3 h6 14. Be3 Qf6 15. Nh2 Be6 16. d5 Bd7 17. c4 Qg5 18. Nf3 Qf6 19. Nh2 a5 20. Ba4 Bc8 21. Rc1 Bc5 22. Ng4 Qg5 23. Bxc5 dxc5 24. Ne3 h5 25. Kh2 h4 26. Ngf5 Ra6 27. Qg4 Qxg4 28. Nxg4 Nd3 29. Bb5 Ra8 30. Nge3 Rd8 31. Rcd1 Nxe1 32. Rxe1 Nf4 33. Nxh4 Nd3 34. Re2 Bd7 35. Bxd7 Rxd7 36. Nhf5 g6 37. Ng3 a4 38. Rd2 Nc1 39. a3 Nb3 40. Rd3 Nd4 41. Ng4 Re7 42. h4 Kg7 43. h5 Rh8 44. Kg1 f5 45. h6+ Kf7 46. exf5 gxf5 47. Nh2 Rxh6 0-1


[Site "https://www.chess.com"]

[Event "Titled Tuesday Blitz August 3 2021"]
[White "Batsuren, Dambasuren"]
[Black "Sliwicki, Damian"]
[WhiteFideId "4902920"]
[BlackFideId "1127128"]
[WhiteElo "2371"]
[BlackElo "2149"]
[Result "1-0"]
[Round "04"]
[TimeControl "180+1"]
[Date "2021.08.03"]
[WhiteClock "0:01:32"]
[BlackClock "0:01:24"]

1. d4 Nf6 2. c4 e6 3. Nf3 d5 4. Nc3 Bb4 5. cxd5 exd5 6. Bg5 Nbd7 7. e3 c5 8. Bd3 Qa5 9. O-O Bxc3 10. bxc3 c4 11. Bf5 O-O 12. Qc2 g6 13. Bxd7 Nxd7 14. Nd2 Nb6 15. e4 dxe4 16. Nxe4 Bf5 17. Nf6+ Kg7 18. Qd2 h6 19. Bxh6+ Kxf6 20. Qg5+ Ke6 21. Rae1+ Kd7 22. Qe7+ Kc6 23. Bxf8 Bd3 24. Qd6+ Kb5 25. Re5+ Ka6 26. Rxa5+ 1-0


[Site "https://www.chess.com"]

[Event "Titled Tuesday Blitz August 3 2021"]
[White "Bazeev, German"]
[Black "Baches Garcia, Guillermo"]
[WhiteFideId "24119350"]
[BlackFideId "2209764"]
[WhiteElo "2462"]
[BlackElo "2412"]
[Result "1-0"]
[Round "04"]
[TimeControl "180+1"]
[Date "2021.08.03"]
[WhiteClock "0:00:59"]
[BlackClock "0:00:07"]

1. d4 Nf6 2. c4 e6 3. Nc3 Bb4 4. Nf3 O-O 5. Bg5 h6 6. Bh4 c5 7. a3 Ba5 8. e3 d6 9. Bd3 Nbd7 10. O-O Bxc3 11. bxc3 b6 12. Nd2 Bb7 13. e4 e5 14. d5 Qe7 15. Re1 Rfe8 16. Nf1 g5 17. Bg3 h5 18. h4 Ng4 19. Ne3 Nxe3 20. Qxh5 Nxg2 21. Kxg2 Nf6 22. Qh6 Nh7 23. Re3 g4 24. f3 Kh8 25. fxg4 Rg8 26. g5 Bc8 27. Qh5 Rg6 28. Rf1 Bd7 29. Ref3 Rf8 30. Rf5 Kg8 31. Qf3 1-0


[Site "https://www.chess.com"]

[Event "Titled Tuesday Blitz August 3 2021"]
[White "Bluebaum, Matthias"]
[Black "Fernandez Hernandez, Arturo A."]
[WhiteFideId "24651516"]
[BlackFideId "3509230"]
[WhiteElo "2905"]
[BlackElo "2540"]
[Result "1-0"]
[Round "04"]
[TimeControl "180+1"]
[Date "2021.08.03"]
[WhiteClock "0:01:50"]
[BlackClock "0:00:01"]

1. d4 Nf6 2. c4 e6 3. Nc3 d5 4. cxd5 exd5 5. Bg5 Be7 6. e3 O-O 7. Bd3 c6 8. h3 h6 9. Bf4 Re8 10. Qc2 Na6 11. a3 Nc7 12. Nf3 Ne6 13. Bh2 Bd6 14. Ne5 c5 15. Nb5 Bb8 16. dxc5 Ne4 17. Bxe4 dxe4 18. O-O a6 19. Nd6 Bxd6 20. cxd6 Qxd6 21. Nxf7 Qb6 22. Nd6 Rf8 23. Qxe4 Ng5 24. Qd5+ Kh7 25. b4 Qc6 26. Qxc6 bxc6 27. Nxc8 Raxc8 28. Rac1 Ne4 29. Rc2 Rfd8 30. Rfc1 c5 31. f3 Nf6 32. Rxc5 Rxc5 33. bxc5 Rc8 34. c6 Kg6 35. e4 Ne8 36. c7 Kf7 37. Rb1 Ke7 38. Kf2 Kd7 39. Rd1+ Ke7 40. Rc1 Kd7 41. Ke3 g5 42. Kd4 1-0


[Site "https://www.chess.com"]

[Event "Titled Tuesday Blitz August 3 2021"]
[White "Bortnyk, Olexandr"]
[Black "Gunina, Valentina"]
[WhiteFideId "14120828"]
[BlackFideId "4167570"]
[WhiteElo "2723"]
[BlackElo "2399"]
[Result "1-0"]
[Round "04"]
[TimeControl "180+1"]
[Date "2021.08.03"]
[WhiteClock "0:00:45"]
[BlackClock "0:00:07"]

1. e4 c6 2. c4 d5 3. cxd5 cxd5 4. exd5 Nf6 5. Qa4+ Nbd7 6. Nc3 g6 7. Bc4 Bg7 8. d3 O-O 9. Nf3 Nb6 10. Qb3 Nxc4 11. dxc4 a6 12. O-O b5 13. cxb5 axb5 14. Rd1 Ba6 15. Bf4 Nd7 16. Nxb5 Nc5 17. Qb4 Bxb5 18. Qxb5 Na4 19. Rd2 Qa5 20. Qxa5 Rxa5 21. Be5 f6 22. Bg3 Rc8 23. Re1 Kf7 24. h4 Bf8 25. d6 e5 26. d7 Rd8 27. Bxe5 Ra7 28. Bxf6 Kxf6 29. Re8 Be7 30. Ne5 Nc5 31. Rxe7 Kxe7 32. Nc6+ Kf6 33. Nxa7 1-0


[Site "https://www.chess.com"]

[Event "Titled Tuesday Blitz August 3 2021"]
[White "Can, Emre"]
[Black "Fernandez, Michael"]
[WhiteFideId "6302181"]
[BlackFideId "5803560"]
[WhiteElo "2503"]
[BlackElo "2110"]
[Result "1-0"]
[Round "04"]
[TimeControl "180+1"]
[Date "2021.08.03"]
[WhiteClock "0:01:13"]
[BlackClock "0:00:00"]

1. e4 c6 2. Nf3 d5 3. Nc3 Nf6 4. e5 Ne4 5. Ne2 Bf5 6. d3 Nc5 7. Ng3 Bg6 8. d4 Ne4 9. e6 Nxg3 10. hxg3 f6 11. Bd3 Bxd3 12. Qxd3 Qd6 13. Qe2 Na6 14. Bf4 Qb4+ 15. c3 Qb5 16. Qc2 c5 17. Rxh7 Rxh7 18. Qg6+ Kd8 19. Qxh7 Qxb2 20. Rc1 Qb5 21. Qg8 Qe8 22. c4 Nb4 23. Rd1 g5 24. Bd2 Nc2+ 25. Kf1 Nxd4 26. Nxd4 cxd4 27. cxd5 Kc7 28. Rc1+ Kb6 29. Kg1 a6 30. Qh7 Ka7 31. Bb4 Qb5 32. Bc5+ b6 33. Bxe7 Qxd5 34. Bd6+ Qb7 35. Rc7 1-0


[Site "https://www.chess.com"]

[Event "Titled Tuesday Blitz August 3 2021"]
[White "Chen, Max"]
[Black "Anuj Shrivatri"]
[WhiteFideId "2622440"]
[BlackFideId "35070924"]
[WhiteElo "2438"]
[BlackElo "2038"]
[Result "0-1"]
[Round "04"]
[TimeControl "180+1"]
[Date "2021.08.03"]
[WhiteClock "0:00:03"]
[BlackClock "0:00:59"]

1. e4 d6 2. d4 Nf6 3. Nc3 g6 4. f4 Bg7 5. Bd3 O-O 6. Nf3 b6 7. O-O Bb7 8. Kh1 c5 9. d5 e6 10. dxe6 fxe6 11. e5 Nd5 12. Ne4 dxe5 13. fxe5 Nd7 14. Neg5 Qe7 15. Qe2 Nxe5 16. Nxe5 Rxf1+ 17. Qxf1 Bxe5 18. Qe2 Bf6 19. Nxe6 Re8 20. Nf4 Qxe2 21. Nxe2 Nb4 22. Bc4+ Kh8 23. c3 Nc2 24. Rb1 Be4 25. Bb3 Nd4 26. Nxd4 Bxb1 27. Nf3 Be4 28. Bf4 Kg7 29. Kg1 Bxf3 30. gxf3 Re2 31. Bb8 Rxb2 32. Bxa7 Bxc3 33. Bxb6 c4 0-1


[Site "https://www.chess.com"]

[Event "Titled Tuesday Blitz August 3 2021"]
[White "Darini, Pouria"]
[Black "Siddharth, Jagadeesh"]
[WhiteFideId "12502200"]
[BlackFideId "5818320"]
[WhiteElo "2753"]
[BlackElo "2561"]
[Result "1-0"]
[Round "04"]
[TimeControl "180+1"]
[Date "2021.08.03"]
[WhiteClock "0:00:14"]
[BlackClock "0:00:22"]

1. e4 e5 2. Nf3 Nc6 3. d4 exd4 4. Nxd4 Nf6 5. Nxc6 bxc6 6. e5 Qe7 7. Qe2 Nd5 8. h4 a5 9. Nd2 Ba6 10. c4 g6 11. Qe4 Nb6 12. Nf3 d5 13. cxd5 cxd5 14. Qc2 Bxf1 15. Kxf1 c5 16. Bg5 Qe6 17. Bf6 Rg8 18. Ng5 Qg4 19. Nxh7 Nd7 20. Rh3 Bg7 21. Bxg7 Rxg7 22. Nf6+ Nxf6 23. exf6 Rh7 24. Qxc5 Qc4+ 25. Qxc4 dxc4 26. Re1+ Kf8 27. Re4 Rc8 28. Rc3 Rc6 29. Rf4 Rh5 30. Rcxc4 Rhc5 31. b3 Rxc4 32. Rxc4 Rxf6 33. Rc5 a4 34. bxa4 Rf4 35. g3 Rxa4 36. Rc2 Rd4 37. Ke2 Re4+ 38. Kd3 Re1 39. Rd2 Ra1 40. Kc3 Ke7 41. Kb4 Ke6 42. a4 Ke5 43. a5 f5 44. Kb5 f4 45. a6 fxg3 46. fxg3 Kf5 47. Rd3 Kg4 48. Kb6 Rb1+ 49. Kc7 Ra1 50. Kb7 Rb1+ 51. Ka8 Ra1 52. a7 Kh3 53. Rd6 Kxg3 54. Rxg6+ Kxh4 55. Rb6 1-0


[Site "https://www.chess.com"]

[Event "Titled Tuesday Blitz August 3 2021"]
[White "Daulyte-Cornette, Deimante"]
[Black "Krysa, Leandro"]
[WhiteFideId "12802859"]
[BlackFideId "116807"]
[WhiteElo "2285"]
[BlackElo "2490"]
[Result "1-0"]
[Round "04"]
[TimeControl "180+1"]
[Date "2021.08.03"]
[WhiteClock "0:00:12"]
[BlackClock "0:00:03"]

1. e4 c5 2. Nc3 e6 3. Nge2 a6 4. g3 b5 5. Bg2 Bb7 6. d4 cxd4 7. Nxd4 b4 8. Na4 Nf6 9. O-O Bxe4 10. Bxe4 Nxe4 11. c4 bxc3 12. Re1 d5 13. Nxc3 Nxc3 14. Qh5 Ne4 15. Nxe6 g6 16. Qe5 fxe6 17. Qxh8 Qf6 18. Qxf6 Nxf6 19. Rxe6+ Kf7 20. Re2 Nbd7 21. Bf4 Rc8 22. Rd1 a5 23. h3 h5 24. Bg5 a4 25. Rd4 a3 26. bxa3 Bxa3 27. g4 hxg4 28. hxg4 Bc5 29. Rf4 Kg7 30. Bxf6+ Nxf6 31. Re6 Ne4 32. Kg2 Ra8 33. Rc6 Bd4 34. Rc7+ Kh6 35. Rc2 Kg5 36. Rf7 Nd6 37. Rd7 Ra6 38. Rd2 Be5 39. Rxd5 Kf4 40. Rd2 Ne4 41. Re2 g5 42. Rf7+ Nf6 43. f3 Ra3 44. Re4# 1-0


[Site "https://www.chess.com"]

[Event "Titled Tuesday Blitz August 3 2021"]
[White "Dvirnyy, Danyyil"]
[Black "Csonka, Balazs"]
[WhiteFideId "817570"]
[BlackFideId "742910"]
[WhiteElo "2531"]
[BlackElo "2404"]
[Result "1-0"]
[Round "04"]
[TimeControl "180+1"]
[Date "2021.08.03"]
[WhiteClock "0:00:03"]
[BlackClock "0:00:03"]

1. e4 e5 2. Nf3 Nc6 3. Bc4 Bc5 4. c3 Nf6 5. d3 a5 6. Nbd2 O-O 7. O-O d6 8. h3 h6 9. Re1 a4 10. Bb5 Bd7 11. Bxa4 Rxa4 12. Qxa4 Nb4 13. Qd1 Nxd3 14. Rf1 Ba7 15. Qc2 Nxc1 16. Raxc1 Nh5 17. Kh2 Nf4 18. Nc4 Qc8 19. Ng1 f5 20. exf5 Bxf5 21. Qa4 Bd3 22. Nxd6 cxd6 23. Qxa7 Qc6 24. f3 Bxf1 25. Rxf1 e4 26. Qd4 Ne6 27. Qd1 d5 28. fxe4 Rxf1 29. Qxf1 dxe4 30. Ne2 Qd6+ 31. Kg1 Qd2 32. Ng3 e3 33. Qc4 Kf7 34. Kh2 Qd6 35. Qe4 Qf4 36. Qxb7+ Kf6 37. Qb5 g6 38. Qe2 h5 39. Qf3 Qxf3 40. gxf3 h4 41. Ne2 Ke5 42. Kg2 Nc5 43. b4 Na4 44. a3 Nb6 45. f4+ Ke4 46. b5 Kd3 47. Kf3 Kc4 48. Kxe3 Kxb5 49. Kf3 Ka4 50. Kg4 Kxa3 51. Kxh4 Kb3 52. Kg5 Nd5 53. Kxg6 Kc4 54. f5 Kd3 55. Ng3 Kxc3 56. f6 Nxf6 57. Kxf6 1-0


[Site "https://www.chess.com"]

[Event "Titled Tuesday Blitz August 3 2021"]
[White "Erdogdu, Mert"]
[Black "Jacobson, Brandon"]
[WhiteFideId "6301495"]
[BlackFideId "30901561"]
[WhiteElo "2485"]
[BlackElo "2362"]
[Result "1/2-1/2"]
[Round "04"]
[TimeControl "180+1"]
[Date "2021.08.03"]
[WhiteClock "0:00:07"]
[BlackClock "0:00:08"]

1. e4 e5 2. Nf3 Nc6 3. Bc4 Bc5 4. d3 Nf6 5. O-O d6 6. c3 h6 7. Bb3 a5 8. Nbd2 O-O 9. h3 Be6 10. Re1 Qb8 11. Nf1 Qa7 12. Be3 Bxe3 13. Nxe3 Ne7 14. Bc2 Ng6 15. d4 Rad8 16. Qd2 Rfe8 17. Rad1 Bc8 18. dxe5 Nxe5 19. Nxe5 Rxe5 20. f4 Ree8 21. Qd4 Qxd4 22. Rxd4 b6 23. Nd1 Bb7 24. Nf2 Re7 25. e5 Rde8 26. Nd3 dxe5 27. Rxe5 Rxe5 28. Nxe5 Bd5 29. Bb3 c6 30. g3 g5 31. Bxd5 cxd5 32. Kf2 Ne4+ 33. Kf3 f6 34. Nc6 Re6 35. Rxd5 Nxc3 36. Rd8+ Kg7 37. Rd7+ Kf8 38. Nd4 Ke8 39. Rb7 Re1 40. bxc3 Rc1 41. Ke4 Rxc3 42. g4 gxf4 43. Kxf4 Rxh3 44. Kf5 Ra3 45. Kxf6 Rxa2 46. Rxb6 Rg2 47. Ne6 Kd7 48. Rb7+ Kd6 49. Rc7 Rf2+ 50. Kg6 Kxe6 51. Ra7 Rg2 52. Ra6+ Ke7 53. Rxa5 Rxg4+ 54. Kxh6 Kf6 55. Kh5 Rg1 56. Ra6+ Kf5 57. Ra5+ Kf4 58. Ra4+ Ke5 59. Ra5+ Kf6 60. Ra6+ Kf5 61. Ra5+ Kf4 62. Ra4+ Kf5 63. Ra5+ 1/2-1/2


[Site "https://www.chess.com"]

[Event "Titled Tuesday Blitz August 3 2021"]
[White "Eternauta2400"]
[Black "Rodrigue-Lemieux, Shawn"]
[BlackFideId "2620049"]
[WhiteElo "2512"]
[BlackElo "2707"]
[Result "1-0"]
[Round "04"]
[TimeControl "180+1"]
[Date "2021.08.03"]
[WhiteClock "0:00:59"]
[BlackClock "0:00:13"]

1. e4 c6 2. d4 d5 3. exd5 cxd5 4. c4 Nf6 5. Nc3 Nc6 6. Nf3 e6 7. c5 Ne4 8. Bb5 Be7 9. O-O O-O 10. Re1 f5 11. Bxc6 bxc6 12. Ne5 Bd7 13. f3 Nxc3 14. bxc3 Be8 15. Bf4 Qa5 16. Qb3 g5 17. Bd2 Qc7 18. f4 Rb8 19. Qa4 g4 20. Rab1 Rc8 21. Qa6 Rb8 22. Rb3 Rxb3 23. axb3 Bf6 24. b4 Bxe5 25. Rxe5 Bf7 26. Be1 Rb8 27. Bh4 Kg7 28. Kf2 Rb5 29. Ke3 Qb7 30. Qxb7 Rxb7 31. Bd8 Kf8 32. Kf2 Ke8 33. Ba5 Kd7 34. h3 h5 35. hxg4 hxg4 36. Re1 Rb8 37. Rh1 Ke7 38. Bc7 Rb7 39. Be5 a5 40. bxa5 Rb2+ 41. Ke3 Ra2 42. Bc7 Kd7 43. Bb6 Ra3 44. Rh7 Ke7 45. Kd3 Ra2 46. g3 Kf8 47. Rh8+ Bg8 48. Rh1 Ke7 49. Ke3 Ra3 50. Ke2 Bf7 51. Rh8 Be8 52. Kd2 Ra2+ 53. Kc1 Ra1+ 54. Kb2 Ra4 55. Rh1 e5 56. Kb3 Rc4 57. a6 1-0


[Site "https://www.chess.com"]

[Event "Titled Tuesday Blitz August 3 2021"]
[White "Fayzullaev, Akmal"]
[Black "Begunov, Konstantin"]
[WhiteFideId "14200554"]
[BlackFideId "4118510"]
[WhiteElo "2264"]
[BlackElo "2262"]
[Result "0-1"]
[Round "04"]
[TimeControl "180+1"]
[Date "2021.08.03"]
[WhiteClock "0:00:03"]
[BlackClock "0:00:19"]

1. d4 d5 2. c4 c6 3. cxd5 cxd5 4. Nc3 Nf6 5. Bf4 Nc6 6. e3 a6 7. Bd3 Bg4 8. Nge2 e6 9. O-O Bd6 10. f3 Bh5 11. Rc1 O-O 12. Na4 Bg6 13. Nc5 Bxc5 14. Rxc5 Qb6 15. b3 Rfc8 16. Bxg6 hxg6 17. Qc2 Nd7 18. Rc3 Kh7 19. Rc1 Nb4 20. Rxc8 Nxc2 21. Rxa8 Nb4 22. Rc7 g5 23. Bg3 Qb5 24. Nc3 Qd3 25. h3 Qxe3+ 26. Kh2 Nf6 27. Rf8 Nh5 28. Bd6 Nd3 29. Rfxf7 Qxd4 30. Ne2 Qf2 31. f4 Ne1 0-1


[Site "https://www.chess.com"]

[Event "Titled Tuesday Blitz August 3 2021"]
[White "Flores Quillas, Diego Saul Rodri"]
[Black "Ibrahimli, Murad"]
[WhiteFideId "3822508"]
[BlackFideId "13410229"]
[WhiteElo "2524"]
[BlackElo "2799"]
[Result "1-0"]
[Round "04"]
[TimeControl "180+1"]
[Date "2021.08.03"]
[WhiteClock "0:00:04"]
[BlackClock "0:00:04"]

1. e4 e5 2. Nf3 Nc6 3. Bb5 a6 4. Ba4 Nf6 5. O-O b5 6. Bb3 Bc5 7. a4 Rb8 8. axb5 axb5 9. Nxe5 Nxe5 10. d4 Bxd4 11. Qxd4 d6 12. f4 c5 13. Qd1 Neg4 14. h3 c4 15. hxg4 Bxg4 16. Qd4 cxb3 17. e5 dxe5 18. Qxe5+ Kf8 19. cxb3 Be6 20. f5 Bxb3 21. Bf4 Rc8 22. Nd2 Bd5 23. Rac1 Rxc1 24. Rxc1 h6 25. Qd6+ Qxd6 26. Rc8+ Ke7 27. Bxd6+ Kxd6 28. Rxh8 Ke5 29. Rb8 Bc6 30. Nb3 Nd7 31. Re8+ Kf6 32. Nd4 Bd5 33. Nxb5 Kxf5 34. Nd4+ Kf6 35. b4 Nb6 36. Kf2 Nc4 37. b5 h5 38. Rd8 Ke5 39. Nc6+ Ke6 40. Nd4+ Ke5 41. Nc6+ Ke6 42. Nb4 Bb7 43. Nd3 Ke7 44. Rd4 Nd6 45. Nc5 Bc8 46. b6 g5 47. Ra4 Kf6 48. Ra7 Ke5 49. b7 Bxb7 50. Nxb7 Ne4+ 51. Kg1 f5 52. Ra5+ Kf4 53. Nc5 Nc3 54. Nd3+ Ke3 55. Nb4 Ne2+ 56. Kh2 Ke4 57. Nc6 Nc3 58. Re5+ Kf4 59. g3+ Kg4 60. Nd4 Ne4 61. Nxf5 Nf2 62. Kg2 Nd3 63. Ne3# 1-0


[Site "https://www.chess.com"]

[Event "Titled Tuesday Blitz August 3 2021"]
[White "Garv Gaur"]
[Black "Svane, Rasmus"]
[WhiteFideId "45030839"]
[BlackFideId "4657101"]
[WhiteElo "1950"]
[BlackElo "2669"]
[Result "0-1"]
[Round "04"]
[TimeControl "180+1"]
[Date "2021.08.03"]
[WhiteClock "0:00:11"]
[BlackClock "0:01:18"]

1. d4 Nf6 2. Nf3 d5 3. c4 e6 4. g3 Bb4+ 5. Bd2 Be7 6. Bg2 O-O 7. O-O c6 8. Qc2 Nbd7 9. Rd1 a5 10. Bf4 h6 11. Nbd2 Nh5 12. Ne5 Nxe5 13. Bxe5 f6 14. Bf4 Nxf4 15. gxf4 f5 16. e3 Bd6 17. Nf3 g5 18. Ne5 Bxe5 19. fxe5 Bd7 20. cxd5 exd5 21. Qc5 Be6 22. Qc2 Qe7 23. f4 Kh8 24. Rf1 Rg8 25. Rf3 Rg6 26. Rg3 Rag8 27. Qf2 g4 28. Bf1 h5 29. Bd3 h4 30. Rg2 g3 31. hxg3 hxg3 32. Qf3 Qh7 33. Rd2 g2 0-1


[Site "https://www.chess.com"]

[Event "Titled Tuesday Blitz August 3 2021"]
[White "Golubev, Mikhail"]
[Black "Vusatiuk, Vladimir"]
[WhiteFideId "14100983"]
[BlackFideId "14118610"]
[WhiteElo "2374"]
[BlackElo "2167"]
[Result "1-0"]
[Round "04"]
[TimeControl "180+1"]
[Date "2021.08.03"]
[WhiteClock "0:01:35"]
[BlackClock "0:01:02"]

1. e4 c5 2. Nf3 d6 3. d4 cxd4 4. Nxd4 Nf6 5. Nc3 Nc6 6. Bc4 Qb6 7. Ndb5 a6 8. Be3 Qd8 9. Nd4 e6 10. Bb3 Na5 11. f4 Qc7 12. f5 e5 13. Nde2 Nxb3 14. cxb3 b5 15. Rc1 Qb7 16. O-O Nxe4 17. Nd5 Be7 18. Rc7 Bd8 19. Rxb7 Bxb7 20. Qd3 Nc5 21. Bxc5 dxc5 22. f6 g6 23. Ng3 h5 24. Ne4 O-O 25. Ne7+ Kh8 26. Qe3 Kh7 27. Ng5+ Kh8 28. Ne6 Bxe7 29. Qh6+ Kg8 30. Qg7# 1-0


[Site "https://www.chess.com"]

[Event "Titled Tuesday Blitz August 3 2021"]
[White "Goncalves, Ivan Mesquita V"]
[Black "Diaz Perez, Michel Alejandro"]
[WhiteFideId "2114224"]
[BlackFideId "3517179"]
[WhiteElo "2299"]
[BlackElo "2337"]
[Result "0-1"]
[Round "04"]
[TimeControl "180+1"]
[Date "2021.08.03"]
[WhiteClock "0:00:06"]
[BlackClock "0:00:03"]

1. d4 Nf6 2. Nf3 e6 3. Bf4 c5 4. e3 b6 5. Nbd2 Be7 6. h3 O-O 7. a4 cxd4 8. exd4 Ba6 9. Bxa6 Nxa6 10. O-O d5 11. Ne5 Rc8 12. c3 Nb8 13. Qe2 Nc6 14. Nxc6 Rxc6 15. a5 bxa5 16. Nb3 Qb6 17. Nxa5 Rcc8 18. Rfc1 h6 19. b4 Ne4 20. Bd2 Bh4 21. Be1 Bg5 22. Rc2 Rc7 23. Nb3 Bf6 24. Nc5 Re8 25. Ra6 Qb8 26. f3 Nxc5 27. bxc5 e5 28. Bg3 exd4 29. Qd1 d3 30. Qxd3 Qb1+ 31. Kh2 Rxc5 32. Rxa7 d4 33. Ra4 Qb3 34. Rb4 Qa3 35. Bd6 Rxc3 36. Rxc3 Qxc3 37. Qxc3 dxc3 38. Rc4 Rd8 39. Bb4 Rd3 40. Kg1 g6 41. Kf1 h5 42. Ke2 Rd2+ 43. Ke3 Rxg2 44. Bxc3 Bxc3 45. Rxc3 Rg3 46. Kf4 Rxh3 47. Rc7 Kg7 48. Ra7 Rh1 49. Kg3 Rb1 50. Rc7 Rb6 51. Ra7 Kf6 52. Rc7 g5 53. Ra7 Kg6 54. Rc7 h4+ 55. Kh3 Rb3 56. Kg2 f6 57. Rc6 Rb5 58. Rc8 Re5 59. Rd8 Kf5 60. Rc8 Rd5 61. Rb8 Rd4 62. Rc8 Kf4 63. Rc3 f5 64. Kh3 Rd1 65. Ra3 Rf1 66. Kg2 Rd1 67. Ra4+ Ke5 68. Ra5+ Rd5 69. Ra8 Rd4 70. Kh3 Kf4 71. Ra3 Rd1 72. Ra4+ Kxf3 73. Ra3+ Ke2 74. Ra5 Rd3+ 75. Kg2 f4 76. Rxg5 f3+ 77. Kh2 f2 78. Re5+ Re3 79. Rb5 f1=Q 80. Rb2+ Kf3 81. Rf2+ Qxf2+ 0-1


[Site "https://www.chess.com"]

[Event "Titled Tuesday Blitz August 3 2021"]
[White "GrafLermontov"]
[Black "Aitbayev, Aslan"]
[BlackFideId "13704613"]
[WhiteElo "2519"]
[BlackElo "2734"]
[Result "0-1"]
[Round "04"]
[TimeControl "180+1"]
[Date "2021.08.03"]
[WhiteClock "0:00:02"]
[BlackClock "0:00:31"]

1. e4 e6 2. d3 d5 3. Nd2 c5 4. Ngf3 Nc6 5. g3 Nf6 6. Bg2 g6 7. O-O Bg7 8. Re1 O-O 9. Qe2 b6 10. Nf1 h6 11. h4 e5 12. exd5 Nxd5 13. Ne3 Nxe3 14. Bxe3 Bb7 15. Bd2 Qc7 16. Bc3 Rae8 17. Nd2 Kh7 18. a4 Qd7 19. Kh2 Nd4 20. Bxd4 exd4 21. Qf1 Rxe1 22. Rxe1 Bxg2 23. Qxg2 Qxa4 24. Nb3 Qa2 25. h5 Qxb2 26. Re2 c4 27. dxc4 d3 28. hxg6+ fxg6 29. Rd2 dxc2 0-1


[Site "https://www.chess.com"]

[Event "Titled Tuesday Blitz August 3 2021"]
[White "Grochal, Joey"]
[Black "Papasimakopoulos, Alexandros"]
[WhiteFideId "1019945"]
[BlackFideId "4244125"]
[WhiteElo "2265"]
[BlackElo "2352"]
[Result "0-1"]
[Round "04"]
[TimeControl "180+1"]
[Date "2021.08.03"]
[WhiteClock "0:01:17"]
[BlackClock "0:01:31"]

1. d4 e6 2. c4 Nf6 3. Nf3 Bb4+ 4. Nbd2 b6 5. a3 Bxd2+ 6. Qxd2 Bb7 7. b3 O-O 8. Bb2 d6 9. g3 Nbd7 10. Bg2 Be4 11. O-O Qe7 12. Ne1 Bxg2 13. Nxg2 Ne4 14. Qc2 f5 15. f3 Nef6 16. e4 fxe4 17. fxe4 e5 18. Ne3 exd4 19. Nd5 Nxd5 20. cxd5 Nc5 21. Bxd4 Qxe4 22. Qxe4 Nxe4 23. Rfe1 Nd2 24. Red1 Nxb3 25. Rab1 Nc5 26. Re1 Rae8 27. Kg2 Nd3 28. Rxe8 Rxe8 29. Rb3 Nc5 30. Rf3 Re2+ 31. Kh3 Re4 32. Bb2 b5 33. Rf5 a5 34. Rf1 Re2 35. Bd4 Rd2 36. Bxc5 dxc5 37. Rb1 b4 38. axb4 axb4 0-1


[Site "https://www.chess.com"]

[Event "Titled Tuesday Blitz August 3 2021"]
[White "Gupta, Abhijeet"]
[Black "Ismagilov, Damir"]
[WhiteFideId "5010608"]
[BlackFideId "34199982"]
[WhiteElo "2549"]
[BlackElo "2075"]
[Result "1-0"]
[Round "04"]
[TimeControl "180+1"]
[Date "2021.08.03"]
[WhiteClock "0:00:18"]
[BlackClock "0:00:04"]

1. Nf3 Nf6 2. c4 c5 3. Nc3 e6 4. g3 b6 5. Bg2 Bb7 6. O-O Be7 7. d4 cxd4 8. Qxd4 d6 9. b3 Nbd7 10. Bb2 a6 11. Rfd1 O-O 12. Rac1 Qc7 13. Nh4 Bxg2 14. Nxg2 Qb7 15. Ne3 Rac8 16. Ng4 Nxg4 17. Qxg4 Nf6 18. Qf3 Qxf3 19. exf3 Rc6 20. Rd3 Rfc8 21. Rcd1 Kf8 22. a4 Nd7 23. Ne2 Nc5 24. Re3 Bf6 25. Bxf6 gxf6 26. f4 f5 27. Kg2 Rb8 28. h3 h5 29. Nd4 Rc7 30. h4 Kg7 31. Kf3 Kf6 32. Ke2 Ne4 33. Ra1 e5 34. fxe5+ dxe5 35. Nc2 Rd8 36. Nb4 Rd2+ 37. Ke1 Rcd7 38. Nd5+ Kg7 39. Nxb6 Rd8 40. Nd5 Rxf2 41. Rxe4 Rh2 42. Rxe5 Rh1+ 43. Kd2 Rxa1 44. Rxf5 Ra2+ 45. Kc3 Rg2 46. Rf3 Rd6 47. Nf4 Kh6 48. Nxg2 Re6 49. Ne3 Kg6 50. Nd5 Re4 51. a5 Rg4 52. b4 Re4 53. Kb3 Re1 54. b5 axb5 55. cxb5 Rb1+ 56. Kc4 Rc1+ 57. Kb4 Rb1+ 58. Kc5 Rf1 59. b6 Rxf3 60. b7 Rb3 61. Nb6 Rxb6 62. axb6 f5 63. b8=Q f4 64. Qxf4 1-0


[Site "https://www.chess.com"]

[Event "Titled Tuesday Blitz August 3 2021"]
[White "Dronavalli, Harika"]
[Black "FGHSMN"]
[WhiteFideId "5015197"]
[WhiteElo "2422"]
[BlackElo "2511"]
[Result "1-0"]
[Round "04"]
[TimeControl "180+1"]
[Date "2021.08.03"]
[WhiteClock "0:01:03"]
[BlackClock "0:00:11"]

1. Nf3 Nf6 2. c4 c5 3. g3 b6 4. Bg2 Bb7 5. O-O e6 6. b3 Be7 7. Bb2 O-O 8. e3 d5 9. Nc3 Nbd7 10. Qe2 h6 11. Rfd1 Rc8 12. Rac1 Qc7 13. cxd5 Nxd5 14. Nxd5 Bxd5 15. e4 Bb7 16. d4 Bf6 17. d5 exd5 18. exd5 Rfe8 19. Qc2 Qd6 20. Nd2 Bxb2 21. Qxb2 Ne5 22. Nc4 Nxc4 23. bxc4 Ba6 24. Qa3 b5 25. cxb5 Bxb5 26. Qxa7 Be2 27. Re1 c4 28. Qd4 Bd3 29. h4 Rxe1+ 30. Rxe1 Bg6 31. Rc1 Bd3 32. Bf1 Bxf1 33. Kxf1 c3 34. Rxc3 Rxc3 35. Qxc3 Qxd5 36. Qc8+ Kh7 37. Qc2+ g6 38. Kg1 f5 39. a4 g5 40. hxg5 hxg5 41. g4 Kh6 42. Qxf5 Qd1+ 43. Kg2 Qxa4 44. Qf6+ Kh7 45. Qxg5 Qe4+ 46. Kg3 Qd3+ 47. Qe3 Qd6+ 48. f4 Qd1 49. g5 Qh1 50. Qe7+ Kg6 51. Qe6+ Kh7 52. Qh3+ 1-0


[Site "https://www.chess.com"]

[Event "Titled Tuesday Blitz August 3 2021"]
[White "He, Anthony"]
[Black "Tristan, Leonardo"]
[WhiteFideId "2088215"]
[BlackFideId "113816"]
[WhiteElo "2353"]
[BlackElo "2404"]
[Result "1-0"]
[Round "04"]
[TimeControl "180+1"]
[Date "2021.08.03"]
[WhiteClock "0:00:02"]
[BlackClock "0:00:02"]

1. e4 c5 2. Ne2 Nc6 3. g3 d5 4. Bg2 d4 5. d3 e5 6. Nd2 Nf6 7. O-O Be7 8. h3 g5 9. Nc4 Nd7 10. a4 h5 11. f4 gxf4 12. gxf4 Qc7 13. c3 h4 14. b4 cxb4 15. cxd4 exd4 16. Bb2 Rg8 17. Kh1 Bc5 18. e5 Nb6 19. Nd2 Be6 20. Ne4 Be7 21. Nxd4 Nxd4 22. Bxd4 Rd8 23. Bg1 Qd7 24. a5 Nd5 25. Rc1 Bxh3 26. Rc2 b3 27. Bxh3 Qxh3+ 28. Rh2 Qg4 29. Qxb3 h3 30. Bxa7 Nxf4 31. Qd1 Qg2+ 32. Rxg2 hxg2+ 33. Kh2 Rxd3 34. Qxd3 Nxd3 35. Rb1 Nxe5 36. Rxb7 Nf3+ 37. Kh3 g1=Q 38. Bxg1 Nxg1+ 39. Kh2 Nf3+ 40. Kh3 f5 41. Rb8+ Kf7 42. Rxg8 Kxg8 43. a6 fxe4 44. a7 Kf7 45. a8=Q Ng5+ 46. Kg4 Ne6 47. Qxe4 Ng5 48. Qd5+ Ke8 49. Kf5 Nf7 50. Qc6+ Kf8 51. Qd5 Ke8 52. Kg6 Nd6 53. Qe6 Kd8 54. Qg8+ Kc7 55. Qd5 Kd7 56. Qa5 Ke8 57. Kh5 Kd7 58. Kg4 Nf7 59. Qb5+ Kd8 60. Qb8+ Kd7 61. Qa7+ Ke8 62. Kf5 Nd8 63. Kg6 Kf8 64. Qd7 Nf7 65. Qe6 Nd8 66. Qd5 Ke8 67. Kg7 Bf8+ 68. Kg8 Be7 69. Qb5+ 1-0


[Site "https://www.chess.com"]